Map: New Repugnancy LE

Players

Khalmanac - Winner!

  • Race: Terran Terran
  • League: Platinum
  • Spawn Location: 7:00

Blackheart

  • Race: Protoss Protoss
  • League: Gold
  • Spawn Location: 1:00

VOD

Have the link to the VOD?

Description

Chill 1v1 vs a buddy - practicing ghosts vs storm.

Time

  • Played on: Jan. 30, 2019, 9:59 p.m.
  • Length: 18:16
Show
View Real Time Build Order
Export as new Build Order

Khalmanac Terran - Winner!

Build Orders: Cyclone Opening 

Get SALT Encoding   

  12  0:00  SCV  
  13  0:13  SCV  
  14  0:17  Supply Depot  
  14  0:25  SCV  
  15  0:39  SCV  
  15  0:42  Barracks  
  16  0:45  Refinery  
  16  0:51  SCV  
  17  1:03  SCV  
  18  1:16  Refinery  
  18  1:18  SCV  
  19  1:29  Marine  
  20  1:37  Supply Depot  
  20  1:43  Orbital Command  
  20  1:54  Barracks Tech Lab  
  20  1:59  Factory  
  20  2:09  SCV  
  20  2:13  Marine  
  22  2:21  SCV  
  23  2:32  Command Center  
  23  2:33  SCV  
  24  2:50  SCV, Supply Depot  
  25  2:52  Cyclone  
  28  2:59  Barracks Reactor  
  28  3:02  SCV  
  29  3:08  Mag-Field Accelerator  
  29  3:13  Supply Depot  
  29  3:15  SCV  
  30  3:25  Cyclone  
  33  3:36  Supply Depot  
  33  3:37  Marine x2  
  35  3:44  Barracks  
  35  3:59  Marine x2, Bunker  
  37  4:05  Orbital Command  
  37  4:08  SCV  
  38  4:17  Marine x2  
  40  4:26  SCV  
  40  4:30  Engineering Bay  
  41  4:35  Marine x2  
  41  4:38  SCV  
  44  4:57  SCV  
  44  4:58  SCV  
  46  5:09  Marine x2  
  46  5:10  Marine, SCV x2  
  46  5:12  Supply Depot  
  51  5:18  Missile Turret  
  51  5:19  Missile Turret  
  51  5:26  Marine  
  46  5:31  Marine x2, Terran Infantry Weapons Level 1  
  48  5:37  Starport  
  48  5:39  SCV  
  49  5:44  Marine  
  49  5:47  SCV  
  49  5:49  Marine x2  
  53  5:51  SCV  
  54  5:57  Missile Turret  
  54  5:59  SCV  
  55  6:08  Ghost Academy  
  55  6:09  Barracks Reactor  
  55  6:11  Barracks Tech Lab  
  55  6:18  SCV, Barracks  
  55  6:19  SCV  
  55  6:20  Barracks  
  57  6:27  Starport Tech Lab  
  57  6:31  SCV x2  
  59  6:34  Stimpack  
  59  6:37  Personal Cloaking  
  59  6:43  SCV x2  
  63  6:48  Marine x2  
  63  6:52  Raven  
  66  7:05  Marine x2  
  66  7:15  Unknown  
  61  7:23  Barracks Tech Lab, Marine x2  
  61  7:25  Barracks Tech Lab  
  61  7:30  Supply Depot  
  61  7:31  Supply Depot  
  61  7:34  Refinery  
  61  7:36  Refinery  
  60  7:39  Terran Infantry Armor Level 1  
  60  7:43  Marine x2, Armory  
  60  7:44  Unknown, Marauder  
  66  8:00  SCV x2  
  70  8:05  Marauder  
  70  8:10  Marine x2  
  70  8:12  Unknown  
  76  8:18  Medivac  
  78  8:23  SCV  
  78  8:24  SCV  
  78  8:26  Marine  
  81  8:27  Marine  
  81  8:28  Marine  
  83  8:38  Unknown, Marauder  
  83  8:40  Unknown  
  83  8:41  Marauder  
  87  8:45  Marine x2, Marauder  
  91  8:55  Medivac  
  93  8:59  Marine  
  93  9:00  Command Center  
  94  9:11  Supply Depot  
  94  9:12  Supply Depot  
  94  9:22  Marauder  
  94  9:33  Marine x3, SCV, Marauder  
  94  9:35  Supply Depot  
  94  9:37  Supply Depot  
  100  9:45  SCV  
  101  9:50  Marine x2  
  101  9:52  SCV  
  108  9:54  Combat Shield  
  108  9:57  SCV  
  111  10:08  Marine x2  
  113  10:17  Unknown  
  113  10:19  Marine, Unknown  
  107  10:23  Unknown  
  99  10:31  Marine x2  
  99  10:32  Marauder  
  92  10:37  Marine  
  87  10:45  Unknown  
  85  10:54  Marine  
  85  10:55  Marine, Marauder x3  
  85  10:56  Terran Infantry Weapons Level 2  
  93  10:58  SCV x2  
  93  10:59  Engineering Bay  
  93  11:02  Supply Depot  
  93  11:03  Medivac  
  97  11:12  Marine  
  97  11:16  Marauder  
  98  11:23  Marine, Marauder x2  
  103  11:29  Marine  
  103  11:31  Siege Tank  
  103  11:32  Nuke, Supply Depot  
  107  11:33  Medivac  
  107  11:36  Terran Infantry Armor Level 2  
  107  11:37  Marauder  
  111  11:41  Marine  
  111  11:44  Marine  
  111  11:45  Marauder  
  115  11:49  Starport  
  113  12:08  Marine x2  
  113  12:09  Marauder x3  
  121  12:26  Marine x2  
  123  12:30  Marine x2  
  123  12:31  Marauder  
  127  12:44  Marine x2  
  125  12:48  Marine  
  125  12:49  Marauder  
  128  12:51  Marine, SCV x2  
  128  12:52  Orbital Command  
  128  12:55  Starport Reactor  
  131  13:02  Marine x2  
  131  13:03  SCV x2  
  135  13:06  Marauder  
  135  13:09  Marine x2  
  139  13:19  Marine  
  139  13:20  Marine  
  139  13:27  Marine x2  
  139  13:28  Marauder  
  139  13:45  Marine  
  139  13:46  Marine, Marauder x2  
  137  13:49  Marauder  
  119  14:03  Marine x2  
  119  14:07  Marine x2  
  121  14:10  Marauder  
  109  14:21  Marine x2  
  111  14:26  Marauder x2  
  115  14:31  Marine  
  107  14:39  Marine x2  
  108  14:47  Marauder x2  
  108  14:49  Marine  
  112  14:57  Marine x2  
  110  15:07  Marauder  
  110  15:08  Marine x2  
  103  15:14  Marine  
  103  15:15  Marine  
  97  15:26  Marine, Marauder  
  100  15:29  Marauder  
  100  15:32  Marine x2  
  100  15:34  Concussive Shells  
  100  15:35  Medivac x2  
  108  15:44  Marine  
  108  15:47  Marine  
  108  15:49  Marine  
  105  15:50  Marine x2  
  108  16:02  Marauder  
  108  16:05  Marine, Medivac x2  
  108  16:07  Marine  
  108  16:08  Marine x2  
  114  16:13  Refinery  
  114  16:15  Refinery  
  114  16:23  Marine, Marauder  
  114  16:25  Marine  
  117  16:26  Marine x2  
  113  16:40  SCV  
  113  16:41  Marauder  
  113  16:43  Marauder  
  113  16:44  Marine x3  
  114  17:01  Marine  
  114  17:02  Marine x2, Marauder  
  114  17:05  Marauder  
  117  17:19  Marine x2  
  118  17:20  Marine  
  118  17:24  Marauder  
  118  17:26  Marine  
  118  17:37  Marine x2  
  118  17:38  Marine  
  118  17:44  Marine, Marauder  
  118  17:55  Marine x2  
Show
View Real Time Build Order
Export as new Build Order

Blackheart Protoss 

Build Orders:  

Get SALT Encoding   

  12  0:01  Probe  
  13  0:13  Probe  
  14  0:21  Pylon  
  14  0:25  Probe  
  15  0:39  Probe  
  15  0:40  Gateway  
  16  0:49  Assimilator  
  16  0:51  Probe  
  17  1:03  Probe  
  18  1:10  Pylon  
  18  1:11  Probe  
  19  1:19  Probe  
  20  1:27  Cybernetics Core  
  20  1:49  Probe  
  20  1:55  Warp Gate, Stalker  
  20  2:01  Probe  
  20  2:02  Nexus  
  23  2:13  Probe  
  24  2:24  Assimilator  
  24  2:32  Stalker  
  26  2:45  Pylon  
  26  3:08  Robotics Facility  
  26  3:10  Gateway  
  26  3:14  Pylon  
  26  3:16  Shield Battery x2, Probe  
  26  3:17  Probe  
  28  3:28  Probe  
  28  3:29  Probe  
  30  3:40  Probe  
  32  3:48  Probe x2  
  33  3:56  Probe, Observer  
  33  4:00  Probe  
  36  4:03  Stalker  
  36  4:05  Adept  
  36  4:07  Probe  
  41  4:12  Probe  
  42  4:17  Observer  
  42  4:18  Twilight Council  
  42  4:20  Pylon  
  43  4:28  Immortal  
  47  4:58  Zealot x2  
  49  5:00  Charge  
  49  5:03  Immortal  
  51  5:41  Templar Archives  
  51  5:43  Probe x2  
  51  5:45  Pylon  
  51  5:47  Observer  
  53  5:55  Probe x2  
  56  6:07  Probe  
  56  6:08  Probe  
  56  6:09  Assimilator  
  58  6:13  Assimilator  
  58  6:16  Pylon  
  58  6:17  Psionic Storm  
  58  6:19  Probe, Pylon  
  58  6:20  Probe  
  58  6:21  Gateway x2  
  60  6:25  Forge  
  60  6:26  Forge  
  60  6:31  Zealot x2, Probe  
  60  6:32  Probe  
  66  6:36  Immortal  
  66  6:44  Probe  
  71  6:59  Stalker x2  
  67  7:17  High Templar x2  
  71  7:26  Protoss Ground Weapons Level 1  
  71  7:27  Protoss Ground Armor Level 1  
  71  7:39  Zealot  
  71  7:40  Zealot  
  74  8:07  Photon Cannon  
  74  8:09  Photon Cannon  
  74  8:13  High Templar x3  
  74  8:14  Nexus  
  74  8:17  Pylon  
  74  8:19  Pylon  
  80  8:24  Pylon  
  80  8:26  Pylon  
  80  8:38  Gateway x3  
  80  9:00  Photon Cannon  
  80  9:02  Photon Cannon  
  80  9:06  Zealot x4, Photon Cannon  
  80  9:09  Photon Cannon  
  88  9:10  Observer  
  89  9:24  Observer, Dark Shrine  
  90  9:37  Probe x3  
  93  9:41  Blink  
  93  9:47  Pylon  
  93  9:49  Probe, Pylon  
  93  9:50  Probe x2  
  96  9:55  Pylon  
  96  9:56  Stalker  
  96  9:57  Stalker x3  
  96  9:59  Photon Cannon, Pylon  
  104  10:01  Probe  
  104  10:02  Probe x2, Photon Cannon  
  107  10:13  Probe  
  107  10:14  Probe x2  
  100  10:25  Probe  
  100  10:26  Probe x2  
  68  11:04  Probe x2  
  68  11:05  Probe  
  68  11:10  Assimilator  
  71  11:14  Assimilator, Protoss Ground Weapons Level 2  
  71  11:15  Protoss Ground Armor Level 2  
  71  11:16  Probe x2  
  71  11:17  High Templar x3, Probe  
  71  11:18  High Templar  
  82  11:24  Warp Prism  
  84  11:28  Probe  
  84  11:29  Zealot x3, Probe  
  92  11:58  Zealot x3  
  92  11:59  Zealot x4  
  106  12:13  Immortal  
  107  12:52  Immortal  
  111  13:02  Zealot x2, Sentry  
  79  14:00  Zealot x3  
  79  14:01  Zealot x4  
  68  14:30  Zealot x4  
  68  14:31  Zealot x3  
  78  14:37  Protoss Ground Weapons Level 3  
  78  14:38  Protoss Ground Armor Level 3  
  68  14:45  Nexus  
  68  14:46  Warp Prism  
  68  14:50  Pylon  
  68  14:53  Pylon  
  68  14:55  Pylon  
  70  15:04  Pylon  
  69  15:07  Zealot x5  
  69  15:08  Zealot x2  
  83  15:22  Warp Prism  
  85  15:29  Stalker  
  85  15:30  Stalker x2, Pylon  
  85  15:32  Pylon  
  91  15:35  Gateway  
  91  15:37  Gateway  
  91  16:28  Dark Templar x4  
  91  16:29  Dark Templar x3  
  91  16:50  Assimilator  
  91  16:53  Assimilator  
  77  17:02  High Templar x2  
  77  17:03  High Templar x3  
  66  17:08  Zealot x2  
Tags
 
Add a new tag
Caveats
  • Supply blocks, unpowered buildings, or Contaminate may cause inaccurate times.
  • Supply counts are checked every 10 seconds.